 Dungeon Crawl Stone Soup version 0.30-a0-457-g4b7bca3bfa (webtiles) character file.

Game seed: 1676901861052756583

930 HoaS the Skirmisher (level 8, -1/44 HPs)
             Began as a Kobold Hunter on Dec 13, 2022.
             Slain by a steam dragon (9 damage)
             ... on level 6 of the Dungeon.
             The game lasted 00:09:38 (5051 turns).

HoaS the Skirmisher (Kobold Hunter)                 Turns: 5051, Time: 00:09:38

Health: -1/44      AC: 10    Str: 14    XL:     8   Next: 32%
Magic:  8/8        EV: 15    Int: 10    God:
Gold:   280        SH:  0    Dex: 21    Spells: 7/7 levels left

rFire   . . .      SeeInvis .    r - +2 sling
rCold   . . .      Faith    .    (no shield)
rNeg    . . .      Spirit   .    c - +0 leather armour
rPois   .          Reflect  .    l - +0 helmet
rElec   .          Harm     .    (no cloak)
rCorr   .          Rampage  .    (no gloves)
Will    .....                    p - +1 pair of boots
Stlth   +++.......               (no amulet)
HPRegen 0.27/turn                n - +6 ring of strength
MPRegen 0.11/turn                q - +4 ring of protection

@: no status effects
A: small, no large weapons, nightstalker 3
a: no special abilities


You were on level 6 of the Dungeon.
You visited 2 branches of the dungeon, and saw 7 of its levels.

You collected 280 gold pieces.

Inventory:

Hand Weapons
 a - a +0 shortbow of chaos
 r - a +2 sling (weapon)
Armour
 c - a +0 leather armour (worn)
 l - a +0 helmet (worn)
 p - a +1 pair of boots (worn)
Jewellery
 n - a +6 ring of strength (left hand)
 q - a +4 ring of protection (right hand)
 w - a ring of resist corrosion
Wands
 e - a wand of flame (18)
 f - a wand of paralysis (13)
 s - a wand of iceblast (12)
Scrolls
 b - 3 scrolls of immolation
 d - 2 scrolls of butterflies
 g - a scroll of teleportation
 h - 3 scrolls of identify
 j - a scroll of magic mapping
 k - 2 scrolls of vulnerability
 u - a scroll of enchant weapon
Potions
 i - a potion of attraction {unknown}
 m - a potion of resistance
 o - a potion of mutation
 t - a potion of heal wounds {unknown}
 v - a potion of might {unknown}
 x - a potion of haste {unknown}


   Skills:
 - Level 2.1 Fighting
 + Level 12.8 Ranged Weapons
 - Level 2.4 Dodging
 - Level 1.3 Stealth


You had 7 spell levels left.
You didn't know any spells.
Your spell library contained the following spells:

 Spells                   Type           Power      Damage    Failure   Level
 Apportation              Tloc           0%         N/A       43%         1
 Necrotise                Necr           0%         1d4       43%         1
 Summon Small Mammal      Summ           0%         N/A       43%         1
 Alistair's Intoxication  Tmut/Pois      0%         N/A       100%        5


Dungeon Overview and Level Annotations

Branches:
Dungeon (6/15)             Temple (1/1) D:4

Altars:
Ashenzari
Cheibriados
Dithmenos
Elyvilon
Fedhas
Gozag
Kikubaaqudgha
Makhleb
Nemelex Xobeh
Qazlal
Ru
Sif Muna
Trog
Uskayaw
Vehumet
Wu Jian
Xom
Yredelemnul
Zin

Shops:
D:3 !

Annotations:
D:6 2 transporters, Stoves66's ghost, novice TeBr


Innate Abilities, Weirdness & Mutations

You are small and have problems with some larger weapons.
You are completely attuned to the shadows.


Message History

The sling bullet hits the steam dragon but does no damage.
The steam dragon is heavily wounded.
The steam dragon closely misses you. The steam dragon barely misses you.
You shoot a sling bullet. The sling bullet hits the steam dragon!
The steam dragon is severely wounded.
The steam dragon breathes steam at you. The ball of steam hits you!!
Ouch! That really hurt!
You are too injured to fight recklessly!
You are too injured to fight recklessly!
You are too injured to fight recklessly!
You shoot a sling bullet. The sling bullet hits the steam dragon.
The steam dragon is almost dead.
You are engulfed in a cloud of scalding steam.
* * * LOW HITPOINT WARNING * * *
The steam dragon closely misses you.
The steam dragon claws you but does no damage.
You shoot a sling bullet. The sling bullet hits the steam dragon.
The steam dragon is almost dead.
You are engulfed in a cloud of scalding steam.
* * * LOW HITPOINT WARNING * * *
You shoot a sling bullet.
The sling bullet barely misses the steam dragon.
You are engulfed in a cloud of scalding steam.
* * * LOW HITPOINT WARNING * * *
The steam dragon bites you but does no damage.
The steam dragon claws you but does no damage.
You shoot a sling bullet. The sling bullet hits the steam dragon.
The steam dragon is almost dead.
The steam dragon misses you. The steam dragon claws you.
* * * LOW HITPOINT WARNING * * *
You shoot a sling bullet.
The sling bullet closely misses the steam dragon.
The steam dragon barely misses you.
The steam dragon claws you but does no damage.
You shoot a sling bullet.
The sling bullet hits the steam dragon but does no damage.
The steam dragon is almost dead.
The steam dragon bites you!
You die...

#......#....... .#
##.....#....... .D#
#.....#....... ...###
#############. #....###
+.............
#.....####.############
##.........#
###.D....## ###@..##
#####


You could see a steam dragon.

Vanquished Creatures
  An orc warrior (D:6)
  A black bear (D:6)
  An ogre (D:5)
  A phantom (D:4)
  Blork the orc (D:5)
  2 hounds (D:5)
  3 jellies
  3 orc priests (D:5)
  3 iguanas
  An orc wizard (D:3)
  4 gnolls (D:2)
  4 adders
  A worm (D:2)
  7 dart slugs
  15 orcs
  3 ball pythons
  3 bats
  3 endoplasms
  3 giant cockroaches
  7 goblins
  6 hobgoblins
  5 quokkas
  5 frilled lizards
  8 kobolds
  10 rats
101 creatures vanquished.

Notes
Turn   | Place    | Note
-------+----------+-------------------------------------------
     0 | D:1      | HoaS the Kobold Hunter began the quest for the Orb.
     0 | D:1      | Reached XP level 1. HP: 12/12 MP: 1/1
   103 | D:1      | Reached XP level 2. HP: 17/17 MP: 2/2
   109 | D:1      | Reached skill level 6 in Ranged Weapons
   203 | D:1      | Reached XP level 3. HP: 21/21 MP: 3/3
   527 | D:1      | Found a faded altar of an unknown god.
   831 | D:2      | Reached skill level 7 in Ranged Weapons
   835 | D:2      | Reached XP level 4. HP: 23/26 MP: 4/4
   935 | D:2      | Reached XP level 5. HP: 17/30 MP: 5/5
  1038 | D:2      | Reached skill level 8 in Ranged Weapons
  1265 | D:2      | Found a glowing silver altar of Zin.
  1579 | D:3      | Found a white marble altar of Elyvilon.
  2036 | D:3      | Reached XP level 6. HP: 35/35 MP: 6/6
  2093 | D:3      | Found a blossoming altar of Fedhas.
  2115 | D:3      | Reached skill level 9 in Ranged Weapons
  2119 | D:3      | Found Keomavat's Distillery.
  2128 | D:3      | Identified a scroll of acquirement
  2128 | D:3      | Acquired a +4 ring of protection
  2978 | D:4      | Found a staircase to the Ecumenical Temple.
  2984 | Temple   | Entered the Ecumenical Temple
  3793 | D:5      | Entered Level 5 of the Dungeon
  3826 | D:5      | Reached skill level 10 in Ranged Weapons
  3846 | D:5      | Reached XP level 7. HP: 40/40 MP: 7/7
  3866 | D:5      | Found a broken altar of Ashenzari.
  3867 | D:5      | Found a burning altar of Makhleb.
  3868 | D:5      | Found a sparkling altar of Nemelex Xobeh.
  3969 | D:5      | Found an opulent altar of Gozag.
  3969 | D:5      | Found a shadowy altar of Dithmenos.
  4101 | D:5      | Reached skill level 11 in Ranged Weapons
  4126 | D:5      | Noticed Blork the orc
  4244 | D:5      | Noticed a water moccasin
  4351 | D:6      | Reached skill level 12 in Ranged Weapons
  4351 | D:6      | Reached XP level 8. HP: 34/44 MP: 8/8
  4693 | D:5      | Killed Blork the orc
  4918 | D:6      | Noticed a hornet
  4958 | D:6      | Found a transporter.
  4961 | D:6      | Found a transporter.
  4961 | D:6      | Noticed Stoves66's ghost (novice TeBr)
  5051 | D:6      | Slain by a steam dragon

Illustrated notes

Levels and vault maps discovered:
D:1:      elethiomel_arrival_diamonds, layout_rooms,
          ebering_ecumenical_altar_ruins, st_stairs_11, minivault_27
D:2:      layout_basic, basic_altar, chequers_serial_rivers_micro_c,
          eino_tiny_chamber
D:3:      layout_basic, elyvilon_altar_1, nicolae_overflow_crystal_walls,
          serial_shops, nicolae_diamond_shop
D:4:      layout_layer_cave, minmay_temple_entry_hall, due_unseen_surprise
D:5:      layout_rooms, grunt_temple_overflow_open,
          chequers_temple_overflow_statue_of_worship, uniq_blork_the_orc
D:6:      layout_basic, nicolae_tso_carved_into_rock, gammafunk_ghost_hive,
          serial_curves, eino_curves_04, eino_curves_01
Temple:   minmay_temple_forest_path

Skill      XL: |  1  2  3  4  5  6  7 |
---------------+----------------------+-----
Ranged Weapons | 6 7 8 10 12 | 12.8
Fighting       | |  2.1
Dodging        | |  2.4
Stealth        | |  1.3

Action                   |  1- 3 |  4- 6 |  7- 9 || total
-------------------------+-------+-------+-------++-------
Melee: Shortbow          |       |     2 |       ||     2
       Sling             |       |       |     1 ||     1
 Fire: Shortbow          |    84 |   118 |       ||   202
       Sling             |       |    25 |   167 ||   192
  Use: Scroll            |     6 |     9 |     4 ||    19
       Potion            |       |       |     2 ||     2
Armor: Leather armour    |     7 |    19 |    52 ||    78
Dodge: Dodged            |    18 |    50 |   101 ||   169

Table legend: (Time is in decaauts)
 A = Elapsed time spent in this place.
 B = Non-inter-level travel time spent in this place.
 C = Inter-level travel time spent in this place.
 D = Time resting spent in this place.
 E = Time spent auto-exploring this place.
 F = Levels seen in this place.
 G = Mean time per level.
                   A        B        C        D        E       F      G
               +--------+--------+--------+--------+--------+-----+--------+
         Total |   5062 |   4718 |    344 |    604 |   3316 |   7 |  723.1 |
       Dungeon |   4696 |   4391 |    305 |    604 |   3002 |   6 |  782.7 |
        Temple |    365 |    326 |     39 |      0 |    314 |   1 |  365.0 |
               +--------+--------+--------+--------+--------+-----+--------+

Top non-repeatable levels by time:
     D:4: 1126 daAuts
     D:3: 858 daAuts
     D:1: 785 daAuts
     D:2: 781 daAuts
     D:6: 682 daAuts
     D:5: 462 daAuts
  Temple: 365 daAuts
